[Event "*** Qualifier 3: Titled Tuesday 3|2 Blitz"]
[Site "Chess.com"]
[Date "2017.04.18"]
[Round "4"]
[White "Grootneus"]
[Black "Malev212"]
[Result "0-1"]
[WhiteElo "2093"]
[BlackElo "2445"]
[TimeControl "180+2"]
[EndTime "13:51:42 PDT"]
[Termination "Malev212 won by resignation"]

1. e4 g6 2. d4 Bg7 3. Nc3 c6 4.
h3 d5 5. Nf3 Nf6 6. e5 Ne4 7. Bd3 Nxc3 8. bxc3 c5 9. O-O c4 10.
Be2 Nc6 11. Nh2 f6 12. f4 Bf5 13. Bg4 e6 14. Ba3 Qa5 15. Bxf5 exf5 16. exf6 Bxf6 17. Qe1+ Kd7 18. Bb2 Rae8 19. Qg3 Re2 20. Rf2 Rhe8 21. Nf3 Rxf2 22. Qxf2 Re4 23. Nd2 Re8 24. Qf3 Nd8 25. a4 Nf7 26. Kh2 Nd6 27. Ba3 Ne4 28. Nxe4 Rxe4 29.
Bb4 Qc7 30. g3 a5 31. Bc5 b6 32. Ba3 h5 33. Rb1 Kc6 34. Bc1 Qe7 35. Bd2 Re2+ 36. Kg1 Rxd2 37. Rb5 Qe1+ 38. Qf1 0-1

[Event "*** Qualifier 3: Titled Tuesday 3|2 Blitz"]
[Site "Chess.com"]
[Date "2017.04.18"]
[Round "4"]
[White "johnathan113"]
[Black "Keranke"]
[Result "1-0"]
[WhiteElo "2480"]
[BlackElo "2623"]
[TimeControl "180+2"]
[EndTime "13:51:43 PDT"]
[Termination "johnathan113 won on time"]

1. e4 g6 2. d4 Bg7 3. Nc3 d6 4.
Be3 a6 5. Qd2 b5 6. h4 h6 7. f4 h5 8. Bd3 Nh6 9. Nf3 Ng4 10. O-O-O Nxe3 11. Qxe3 Bg4 12. Kb1 Nd7 13. e5 O-O 14. e6 fxe6 15. Bxg6 c5 16. d5 b4 17. Ne4 exd5 18. Rxd5 Nb6 19. Rg5 Nc4 20. Qe2 Nxb2 21. Bxh5 Bxh5 22. Rxh5 Qe8 23. Nfg5 Rxf4 24.
Ne6 Rf7 25. Nxg7 Rxg7 26. Kxb2 Qb5 27. Qd2 Qc4 28. Qh6 Qd4+ 29. Kb1 Ra7 30. Qe6+ Rf7 31. Rf1 1-0

[Event "*** Qualifier 3: Titled Tuesday 3|2 Blitz"]
[Site "Chess.com"]
[Date "2017.04.18"]
[Round "4"]
[White "ka1ser64"]
[Black "RichardLeyvaP"]
[Result "1-0"]
[WhiteElo "2338"]
[BlackElo "2357"]
[TimeControl "180+2"]
[EndTime "13:51:49 PDT"]
[Termination "ka1ser64 won on time"]

1. d4 Nf6 2. c4 c5 3. d5 e5 4. Nc3 d6 5. e4 Be7 6. Bd3 Nbd7 7. Nf3 O-O 8. Rb1 Ne8 9. Be3 a6 10. Nd2 Bg5 11. Bxg5 Qxg5 12. O-O g6 13. Nf3 Qh6 14. Qc2 Ng7 15. Na4 Nh5 16. b4 b6 17. bxc5 bxc5 18. Nb6 Nxb6 19. Rxb6 Rd8 20. Rfb1 Qf8 21. h3 Qe7 22.
Bf1 Kg7 23. Rb8 Rxb8 24. Rxb8 Qc7 25. Qb2 Nf6 26. Bd3 Nd7 27. Rb3 Nf6 28. Rb6 h6 29.
Kh2 Nd7 30. Rc6 Qb8 31. Qxb8 Nxb8 32. Rb6 Nd7 33. Rxd6 Re8 34. Rc6 Kf8 35. Bc2 Ke7 36. Ba4 f6 37. Nh4 Kf7 38. Rc7 Rd8 39. Kg1 h5 40.
Kf1 Ke7 41. Nxg6+ 1-0

[Event "*** Qualifier 3: Titled Tuesday 3|2 Blitz"]
[Site "Chess.com"]
[Date "2017.04.18"]
[Round "4"]
[White "pastouche06"]
[Black "biostatistician"]
[Result "0-1"]
[WhiteElo "2321"]
[BlackElo "2471"]
[TimeControl "180+2"]
[EndTime "13:51:53 PDT"]
[Termination "biostatistician won by resignation"]

1. c4 Nf6 2. Nc3 g6 3. d4 Bg7 4. e4 d6 5. f3 O-O 6. Nge2 c5 7.
Be3 Nc6 8. d5 Ne5 9. Ng3 e6 10.
Be2 exd5 11. cxd5 a6 12. a4 Bd7 13. O-O b5 14. axb5 axb5 15. Bxb5 Bxb5 16. Nxb5 Qb6 17. Qe2 Rab8 18. Nc3 Qxb2 19. Qxb2 Rxb2 20. Ra6 Nc4 21. Bf4 Rd8 22. Nge2 Nh5 23. Bg5 Rdb8 24. g4 Nf6 25. Rfa1 h5 26. Bxf6 Bxf6 27. gxh5 gxh5 28. Ra8 Rxa8 29.
Rxa8+ Kg7 30. Ra2 Rb3 31. Rc2 Ne3 32. Rc1 Bd4 33. Kf2 Rxc3 34. Nxc3 Nxd5+ 35. Ke2 Nxc3+ 36. Kd3 Na2 37. Rb1 Kf6 38. f4 Ke6 39. Kc4 f5 40.
exf5+ Kxf5 41. Kd5 Nc3+ 0-1

[Event "*** Qualifier 3: Titled Tuesday 3|2 Blitz"]
[Site "Chess.com"]
[Date "2017.04.18"]
[Round "4"]
[White "Fandorine"]
[Black "Gabix_94"]
[Result "1-0"]
[WhiteElo "2696"]
[BlackElo "2523"]
[TimeControl "180+2"]
[EndTime "13:51:55 PDT"]
[Termination "Fandorine won by resignation"]

1. e4 c5 2. Nf3 d6 3. d4 cxd4 4. Nxd4 Nf6 5. Nc3 Nc6 6. g3 Bg4 7. f3 Bd7 8. Be3 Rc8 9. Qd2 g6 10. g4 Bg7 11. h4 Bxg4 12. fxg4 Nxg4 13. Nxc6 bxc6 14. Bd4 e5 15. Bg1 h5 16. Be2 Bh6 17. Qd3 Rb8 18. b3 Bf4 19. Bxa7 Rb4 20. Bg1 Qa5 21. Bxg4 hxg4 22. Kf1 f5 23. Qxd6 Qa6+ 24.
Kg2 Rxe4 25. Nxe4 Qe2+ 26. Nf2 Qf3+ 27. Kf1 g3 28. Qxg6+ Ke7 29. Rh3 Rd8 30. Rxg3 Bxg3 31. Qg5+ Ke8 32. Re1 e4 33. Qe3 Qxe3 34. Rxe3 Bxh4 35.
Nxe4 Rd1+ 36. Kg2 Kd8 37. Nf2 Kc7 38. Nxd1 1-0

[Event "*** Qualifier 3: Titled Tuesday 3|2 Blitz"]
[Site "Chess.com"]
[Date "2017.04.18"]
[Round "4"]
[White "Alexander_Moskalenko"]
[Black "dhanushbharadwaj"]
[Result "1-0"]
[WhiteElo "2655"]
[BlackElo "2455"]
[TimeControl "180+2"]
[EndTime "13:51:57 PDT"]
[Termination "Alexander_Moskalenko won by checkmate"]

1. c4 g6 2. Nf3 Bg7 3. g3 Nf6 4.
d4 d6 5. Bg2 O-O 6. Nc3 Nbd7 7.
O-O e5 8. Qc2 c6 9. Rd1 Qc7 10. b3 Re8 11. dxe5 dxe5 12. Nd2 Nc5 13. Ba3 Ne6 14. e3 h5 15. Nde4 Nxe4 16. Nxe4 Qa5 17.
Bb2 f5 18. Bc3 Qc7 19. Nd6 Rd8 20. c5 e4 21. b4 Kh7 22. h4 Qe7 23. Bf1 Nc7 24.
Bc4 Be6 25. Bxg7 Qxg7 26. Nxb7 Bxc4 27. Qxc4 Rxd1+ 28. Rxd1 Nd5 29. Na5 Qb2 30. Nxc6 Nc3 31. Rd7+ Kh6 32. Qf7 Ne2+ 33. Kg2 Qh8 34. Ne5 Re8 35.
Qxg6# 1-0

[Event "*** Qualifier 3: Titled Tuesday 3|2 Blitz"]
[Site "Chess.com"]
[Date "2017.04.18"]
[Round "4"]
[White "Rogue_King"]
[Black "likantrophuss"]
[Result "0-1"]
[WhiteElo "2136"]
[BlackElo "2400"]
[TimeControl "180+2"]
[EndTime "13:52:05 PDT"]
[Termination "likantrophuss won on time"]

1. d4 Nf6 2. c4 g6 3. Nc3 Bg7 4. e4 d6 5. Be2 O-O 6. Nf3 e5 7. O-O Nc6 8. d5 Ne7 9. Ne1 Nd7 10. Nd3 c5 11. dxc6 bxc6 12. Be3 h6 13. Qd2 g5 14. Bg4 Nf6 15. Bxc8 Qxc8 16. Rfd1 Rd8 17. f3 Ng6 18. Rac1 Qe6 19. Qf2 Rd7 20. Rd2 Nh5 21. g3 g4 22. fxg4 Qxg4 23. Kh1 f5 24. exf5 Rf8 25. Qg2 Rxf5 26. Qxc6 Rdf7 27. Qe4 Qh3 28. Qg2 Rf1+ 29. Rxf1 Rxf1+ 30. Bg1 Qf5 31. Rf2 Rxg1+ 32. Kxg1 Qxd3 33. Qa8+ Kh7 34. Qxa7 e4 35. Nd5 Ne5 36. Rf5 e3 37. Nxe3 Nc6 0-1

[Event "*** Qualifier 3: Titled Tuesday 3|2 Blitz"]
[Site "Chess.com"]
[Date "2017.04.18"]
[Round "4"]
[White "JaimeSantosLatasa"]
[Black "RaphaeI"]
[Result "0-1"]
[WhiteElo "2541"]
[BlackElo "2392"]
[TimeControl "180+2"]
[EndTime "13:52:11 PDT"]
[Termination "RaphaeI won by resignation"]

1. e4 c5 2. Nf3 d6 3. d4 cxd4 4.
Nxd4 Nf6 5. Nc3 g6 6. Be3 Bg7 7.
f3 Nc6 8. Qd2 O-O 9. Bc4 Bd7 10.
O-O-O Rb8 11. Bb3 Na5 12. h4 b5 13. Kb1 Nc4 14. Bxc4 bxc4 15. h5 Re8 16. g4 Qa5 17. Ka1 Rb6 18. hxg6 fxg6 19. g5 Nh5 20. Nd5 Qxd2 21. Rxd2 Rb7 22. Rdh2 e6 23. Nc3 Rf8 24. Rf1 Rfb8 25. b3 cxb3 26. axb3 a5 27. Na2 Rf8 28. Kb1 d5 29. exd5 exd5 30. Nc3 a4 31. Nxd5 axb3 32. Nxb3 Be6 33. Rd2 Ra8 34. Nf6+ Nxf6 35. gxf6 Bxf6 36.
Bd4 Bxb3 37. cxb3 Bxd4 38. Rxd4 Rxb3+ 39. Kc2 Rb7 40. Kd2 Re8 41. Rc1 Rbe7 42. Rc6 Kg7 43. Rd3 Re2+ 44. Kc3 R2e3 45. f4 Rxd3+ 46. Kxd3 h5 47.
Rc5 Kf6 48. Rg5 Re1 49. Kd2 Re4 0-1

[Event "*** Qualifier 3: Titled Tuesday 3|2 Blitz"]
[Site "Chess.com"]
[Date "2017.04.18"]
[Round "4"]
[White "Quiet_Desperation"]
[Black "DiogenesSinopeus"]
[Result "0-1"]
[WhiteElo "2024"]
[BlackElo "2289"]
[TimeControl "180+2"]
[EndTime "13:52:14 PDT"]
[Termination "DiogenesSinopeus won by resignation"]

1. e4 e5 2. Nf3 Nc6 3. Bb5 a6 4. Ba4 d6 5. d3 b5 6. Bb3 Na5 7.
c3 Nxb3 8. Qxb3 Nf6 9. h3 Be6 10. Qc2 h6 11. O-O Be7 12. Nbd2 O-O 13. Re1 c5 14.
Nf1 Qc7 15. Ng3 a5 16. Nf5 Bxf5 17. exf5 Rfe8 18. g4 Qc6 19. Nh2 Nh7 20. Be3 Bg5 21.
Qd2 d5 22. f4 exf4 23. Bxf4 d4 24. Qf2 Qd5 25. Qg3 Bxf4 26. Qxf4 Ng5 27. Qg3 dxc3 28.
bxc3 Rxe1+ 29. Rxe1 Qxa2 30. h4 Nh7 31. g5 hxg5 32.
hxg5 Qd2 33. Nf3 Qxd3 34. g6 fxg6 35. fxg6 Nf6 36. Re7 Re8 37. Rxe8+ Nxe8 38. Qg4 Qe3+ 39.
Kg2 Qe2+ 40. Kg1 Nf6 41. Qc8+ Qe8 42. Qf5 a4 43. Ne5 a3 44. Nf7 a2 45. Qf1 Qa8 46. Qa1 Qa3 47. Ne5 Qb3 48. c4 Qb1+ 49.
Qxb1 axb1=Q+ 0-1

[Event "*** Qualifier 3: Titled Tuesday 3|2 Blitz"]
[Site "Chess.com"]
[Date "2017.04.18"]
[Round "4"]
[White "Paralinch"]
[Black "Blitzstream"]
[Result "1-0"]
[WhiteElo "2688"]
[BlackElo "2471"]
[TimeControl "180+2"]
[EndTime "13:52:22 PDT"]
[Termination "Paralinch won by resignation"]

1. e4 e6 2. d4 d5 3. Nc3 dxe4 4.
Nxe4 Bd7 5. Nf3 Bc6 6. Neg5 Nf6 7. Bc4 Bd5 8. Bd3 h6 9. Nxf7 Kxf7 10. Ne5+ Ke8 11. O-O Nc6 12. Bg6+ Ke7 13. Nf7 Qd7 14.
Nxh8 Bc4 15. Bd3 Bxd3 16. Qxd3 Qxd4 17. Ng6+ Kf7 18. Nxf8 Rxf8 19. Qxd4 Nxd4 20. Be3 Nc6 21.
c4 b6 22. Rad1 Ke7 23. b3 Ne4 24. f3 Nd6 25. Bc1 Nb8 26. Ba3 c5 27. Bb2 Nc6 28. Bxg7 Rg8 29. Bxh6 Nf5 30. Bf4 Ncd4 31. Kf2 a5 32.
Be5 Nc2 33. Bf4 a4 34. Rd2 Ncd4 35. Rb1 axb3 36. axb3 Ra8 37. b4 Ra3 38. bxc5 bxc5 39. Be5 Nb3 40. Rdb2 Na5 41. Rc2 Rd3 42. Rb5 Nb3 43. Rb7+ Ke8 44. Ra2 Rd8 45. Rh7 Rd2+ 46. Rxd2 Nxd2 47. g4 Ne7 48. Bd6 Ng6 49. h4 Nxc4 50.
Bxc5 Nge5 51. Re7+ Kd8 52. Rxe6 Nd3+ 53. Kg3 Nd2 54.
Rd6+ 1-0

[Event "*** Qualifier 3: Titled Tuesday 3|2 Blitz"]
[Site "Chess.com"]
[Date "2017.04.18"]
[Round "4"]
[White "SwiftyMcBishop"]
[Black "Hikaru"]
[Result "1-0"]
[WhiteElo "2300"]
[BlackElo "2885"]
[TimeControl "180+2"]
[EndTime "13:52:23 PDT"]
[Termination "SwiftyMcBishop won by resignation"]

1. b3 e5 2. Bb2 Nc6 3. e3 Nf6 4.
Bb5 e4 5. Ne2 Ne7 6. Bxf6 gxf6 7. Ng3 f5 8. d4 c6 9. Be2 Ng6 10. O-O d5 11. Nh5 Be6 12. c4 Bd6 13. g3 O-O 14. c5 Bc7 15. Nc3 Kh8 16. Qd2 Qg5 17. f4 Qh6 18. Rab1 f6 19. Qd1 Ne7 20. a3 Bf7 21. b4 b6 22. b5 bxc5 23. dxc5 Ba5 24. Rc1 Bxc3 25. Rxc3 cxb5 26. c6 d4 27. exd4 Nd5 28.
Rc5 Ne3 29. Qc1 Nxf1 30. Rxf5 Nxh2 31. Kxh2 Bg6 32. Rd5 f5 33. Rd6 Rf7 34. d5 Qf8 35. Qc3+ Kg8 36. Nf6+ Kh8 37. Re6 a5 38. Bxb5 e3 39.
d6 h5 40. c7 h4 41. gxh4 Qh6 42. Nh5+ Kh7 43. d7 Qxh5 44. d8=Q Rg7 45. Qxa8 Qxh4+ 46. Kg2 Qg4+ 47. Kf1 Qf3+ 48. Qxf3 1-0

[Event "*** Qualifier 3: Titled Tuesday 3|2 Blitz"]
[Site "Chess.com"]
[Date "2017.04.18"]
[Round "4"]
[White "cailinchetty"]
[Black "abubakrtagelsir"]
[Result "0-1"]
[WhiteElo "1931"]
[BlackElo "2148"]
[TimeControl "180+2"]
[EndTime "13:52:26 PDT"]
[Termination "abubakrtagelsir won by resignation"]

1. e4 d6 2. d4 Nf6 3. Nc3 g6 4. h4 c6 5. h5 gxh5 6. Bg5 Bg7 7. Qd2 h6 8. Bh4 b5 9. Bd3 Qb6 10. Nge2 Nbd7 11. Qe3 Bb7 12. Qg3 Rg8 13. e5 dxe5 14.
dxe5 Ng4 15. e6 fxe6 16. Bg6+ Kd8 17. Be4 b4 18. Nd1 c5 19. Bxb7 Qxb7 20. Kf1 Be5 21. Qf3 Kc7 22. Qxb7+ Kxb7 23. f3 Raf8 24. Ke1 Ngf6 25.
Rb1 Rxg2 26. Ne3 Rgg8 27. Nc4 Bc7 28. c3 a5 29. cxb4 axb4 30. a3 Nd5 31. axb4 Nxb4 32.
Kd2 Rxf3 33. Be1 Rg2 34. Kd1 Rd3+ 35. Nd2 Ne5 36. Nf4 Rdxd2+ 37. Bxd2 Rf2 38. Nxh5 Nbd3 39. Ng7 Nc4 40. Be1 Ncxb2+ 41. Rxb2+ Rxb2 42. Nxe6 Bd6 43. Bd2 Nf2+ 0-1

[Event "*** Qualifier 3: Titled Tuesday 3|2 Blitz"]
[Site "Chess.com"]
[Date "2017.04.18"]
[Round "4"]
[White "A-Fier"]
[Black "Sebastian"]
[Result "0-1"]
[WhiteElo "2513"]
[BlackElo "2661"]
[TimeControl "180+2"]
[EndTime "13:52:28 PDT"]
[Termination "Sebastian won by resignation"]

1. d4 d5 2. c4 dxc4 3. Nf3 Nf6 4.
Nc3 a6 5. e4 b5 6. e5 Nd5 7. a4 Bb7 8. e6 fxe6 9. Be2 Nxc3 10.
bxc3 Qd5 11. O-O g6 12. Ne1 Nc6 13. Bf3 Qd7 14. Nc2 Bg7 15. Re1 O-O 16. Rb1 Nd8 17.
Bg4 Bd5 18. Ne3 c6 19. Ba3 Bh6 20. Nxd5 Qxd5 21. g3 Bg7 22. Bxe7 Re8 23. Bc5 Nb7 24. Bf3 Qd7 25. Ba3 Na5 26. Qe2 Nb3 27. Bg4 Kh8 28.
Bxe6 Qc7 29. Qg4 c5 30. dxc5 Bxc3 31. Bb2 Bxb2 32. Rxb2 Qxc5 33. Rbe2 Nd4 34. Re5 Qa7 35. Bd7 Rxe5 36. Rxe5 Rf8 37. Rd5 Nf3+ 38. Kg2 Ne1+ 39. Kh3 Qxf2 40. Qe6 Nf3 41. Qe7 Qxh2+ 42. Kg4 h5+ 0-1

[Event "*** Qualifier 3: Titled Tuesday 3|2 Blitz"]
[Site "Chess.com"]
[Date "2017.04.18"]
[Round "4"]
[White "MyleneFarmer"]
[Black "DariuszMikrut"]
[Result "1-0"]
[WhiteElo "2339"]
[BlackElo "2398"]
[TimeControl "180+2"]
[EndTime "13:52:28 PDT"]
[Termination "MyleneFarmer won by resignation"]

1. d4 Nf6 2. c4 g6 3. Nf3 Bg7 4. g3 O-O 5. Bg2 d6 6. O-O c6 7.
Nc3 Bf5 8. Ne1 e5 9. e4 Bg4 10. f3 exd4 11. Qxd4 Be6 12. Qd3 Na6 13. Bf4 Qb6+ 14. Rf2 Rfd8 15. Be3 Qb4 16. b3 Nxe4 17.
Nxe4 Bxa1 18. Nc2 Qa5 19. Nxa1 Nc5 20. Nf6+ Kf8 21. Qd4 h5 22. Bh6+ Ke7 23. Bg5 Kf8 24. Nxh5 Qe1+ 25. Rf1 Qe5 26. Qxe5 dxe5 27. Bxd8 Rxd8 28.
Nf6 Rd2 29. Ne4 Nxe4 30. fxe4 Rxa2 31. Rc1 Rb2 32. Bf3 a5 33. Bd1 Ke7 34. Nc2 Rxb3 35.
Nd4 Rb2 36. Nxe6 Kxe6 37. Bg4+ Kd6 38. c5+ Ke7 39. Rd1 a4 40. Rd3 Rb3 41. Rxb3 axb3 42.
Bd1 b2 43. Bc2 Kd7 44. Kf2 Kc7 45. Ke3 b6 46. cxb6+ Kxb6 47. g4 g5 48. Kd3 Kc5 49. Kc3 f6 50. h3 Kb5 51. Bd3+ Kc5 52. Bb1 Kb5 53. Bc2 Kc5 54. Bd3 b1=Q 55. Bxb1 Kb5 56. Bd3+ Kc5 57. Bc4 Kd6 58. Kb4 f5 59. gxf5 Kd7 60.
Kc5 Kc7 61. Bb3 Kd7 62. Ba4 Ke7 63. Bxc6 Kf6 64. Kd6 g4 65. hxg4 Kg5 66. Kxe5 Kh4 67. f6 1-0

[Event "*** Qualifier 3: Titled Tuesday 3|2 Blitz"]
[Site "Chess.com"]
[Date "2017.04.18"]
[Round "4"]
[White "NMJeevanK"]
[Black "Roachelley"]
[Result "0-1"]
[WhiteElo "2107"]
[BlackElo "2137"]
[TimeControl "180+2"]
[EndTime "13:52:38 PDT"]
[Termination "Roachelley won by checkmate"]

1. e4 c5 2. Nf3 d6 3. d4 cxd4 4.
Nxd4 Nf6 5. Nc3 a6 6. Be2 g6 7. O-O Bg7 8. Be3 O-O 9. a3 Nbd7 10. f4 Qc7 11. Kh1 e5 12. Nb3 Rd8 13. f5 b5 14.
fxg6 hxg6 15. Bg5 Re8 16. Nd5 Nxd5 17. Qxd5 Nb6 18. Qd2 Be6 19. Rf3 d5 20. exd5 Nxd5 21. Raf1 Rac8 22. c3 e4 23. Rf4 Nxf4 24. Bxf4 Qd7 25.
Nd4 Rcd8 26. Be3 Qd5 27. Qe1 Qa2 28. Rf2 Qxb2 29. Bxb5 Qxa3 30. Bxe8 Rxe8 31. Rf4 Bc4 32. Rh4 Bd3 33. h3 Qa2 34. Qg3 Qa1+ 35. Kh2 Qxc3 36.
Nf5 gxf5 37. Bf4 Re6 38. Rh5 Rg6 39. Qh4 Qf6 40. Qf2 Qe6 41. Qh4 Bf6 42. Qf2 Be5 43.
g3 Bxf4 44. Qxf4 Qa2+ 45. Kh1 Qb1+ 46. Kh2 Qc2+ 47. Kg1 Qd1+ 48. Kh2 Qxh5 49. Qb8+ Kg7 50. Qe5+ Kh7 51. Qe7 Qe2+ 52. Kh1 Qf1+ 53. Kh2 Qf2+ 54. Kh1 Qf3+ 55. Kh2 Qxg3+ 56. Kh1 Qg1# 0-1

[Event "*** Qualifier 3: Titled Tuesday 3|2 Blitz"]
[Site "Chess.com"]
[Date "2017.04.18"]
[Round "4"]
[White "popov_m"]
[Black "XDPS"]
[Result "0-1"]
[WhiteElo "2404"]
[BlackElo "2542"]
[TimeControl "180+2"]
[EndTime "13:52:39 PDT"]
[Termination "XDPS won by resignation"]

1. c4 e6 2. g3 d5 3. Bg2 Nf6 4. Nf3 Be7 5. O-O O-O 6. Qc2 b6 7. b3 Bb7 8. Bb2 Nbd7 9. d4 Ne4 10. Nbd2 f5 11. Ne5 Bd6 12. Ndf3 Ndf6 13. Rac1 Qe8 14. Nd3 Qh5 15. c5 bxc5 16. dxc5 Be7 17. Nf4 Qh6 18. Nxe6 Rfc8 19. c6 Ba6 20. Ned4 Qh5 21. b4 Rcb8 22.
a3 Bd6 23. Qb3 Bc4 24. Rxc4 dxc4 25. Qxc4+ Kh8 26. Nb5 Ng4 27. Nxd6 cxd6 28. h3 Ngf6 29. Nd4 Rc8 30. Ne6 Qf7 31. Qa2 Re8 32. Rc1 Qxe6 33. Qa1 Rac8 34. Bd4 a6 35. a4 Qd5 36. c7 Qf7 37. b5 axb5 38. axb5 Rxc7 39. Rb1 Rb7 40. b6 d5 41. Qa6 Reb8 42. e3 h6 43. Rc1 Qe6 44.
Qb5 Nd6 45. Qc6 Nfe4 46. Bxe4 fxe4 47. Rc5 Rxb6 48. Qxd5 Qxd5 49. Rxd5 Rc6 50. Re5 Re8 51. Ra5 Rc7 52. g4 Kg8 53. Kh2 Rf7 54. Kg3 Nc4 55. Rc5 Nd2 56. h4 Nb3 57. Rc4 Nxd4 58. Rxd4 Ref8 59.
Rxe4 Rf3+ 0-1

[Event "*** Qualifier 3: Titled Tuesday 3|2 Blitz"]
[Site "Chess.com"]
[Date "2017.04.18"]
[Round "4"]
[White "Spartakus1975"]
[Black "Grebeniuk-S"]
[Result "1-0"]
[WhiteElo "2572"]
[BlackElo "2403"]
[TimeControl "180+2"]
[EndTime "13:52:43 PDT"]
[Termination "Spartakus1975 won on time"]

1. d4 Nf6 2. Bf4 g6 3. e3 Bg7 4. h3 O-O 5. c3 d6 6. Nf3 Nc6 7. Be2 Nd7 8. O-O e5 9. Bh2 Kh8 10. a4 f5 11. Na3 f4 12. dxe5 dxe5 13. exf4 exf4 14. Nb5 a6 15. Nbd4 Nxd4 16. cxd4 Nb6 17. Ne5 c5 18. dxc5 Bxe5 19. Qxd8 Rxd8 20. cxb6 Bxb2 21.
Rad1 Bd7 22. Bxf4 Bxa4 23. Rb1 Bd4 24. Bf3 Bb5 25. Rfd1 Bxb6 26. Be5+ Kg8 27. Bd5+ Kf8 28. Rb3 Rxd5 29. Rxd5 Rc8 30. Rf3+ Ke7 31. Bf6+ Ke6 32. Re5+ Kd6 33. Re7 Rc1+ 34. Kh2 Kd5 35.
Rxb7 Bc7+ 36. g3 Bd6 37. Rxh7 Rc2 38. h4 Bc5 39. Kg2 Bc6 40. Rc7 Kd6 41. Rxc6+ Kxc6 42. g4 Rc4 43. Kh3 Kd7 44. h5 gxh5 45. gxh5 Ke6 46.
h6 Bd4 47. h7 1-0

[Event "*** Qualifier 3: Titled Tuesday 3|2 Blitz"]
[Site "Chess.com"]
[Date "2017.04.18"]
[Round "4"]
[White "silverback96"]
[Black "Journey_to_GrandMaster_YT"]
[Result "1-0"]
[WhiteElo "2054"]
[BlackElo "2288"]
[TimeControl "180+2"]
[EndTime "13:52:44 PDT"]
[Termination "silverback96 won by resignation"]

1. d4 d6 2. c4 e5 3. d5 f5 4. e4 fxe4 5. Nc3 Nf6 6. Nge2 Bf5 7. Ng3 Bg6 8. h4 h5 9. Be2 Be7 10. Bg5 Nbd7 11. Qd2 a5 12. O-O-O Nc5 13. Qe3 Qd7 14. Bxf6 gxf6 15. Ngxe4 Nxe4 16. Nxe4 O-O-O 17. Rh3 b6 18. Kb1 Rdg8 19. Ka1 Bf5 20. Rg3 Bxe4 21. Qxe4 Rxg3 22. fxg3 Rg8 23. c5 dxc5 24. Ba6+ Kb8 25. d6 c6 26. Qh7 Rd8 27. Qxh5 Bxd6 28.
Qg6 Ka7 29. Bc4 b5 30. Bf7 Qe7 31. h5 Bc7 32. Rb1 Rd7 33. Be8 Rd8 34. Bf7 Rf8 35.
Bb3 Qe8 36. Qe4 c4 37. Bd1 f5 38. Qe3+ Bb6 39. Qh6 Rh8 40. Qg7+ Ka6 41. g4 f4 42. Bf3 e4 43. Bxe4 Rg8 44. Qh7 Rxg4 45. Qf5 Rg7 46. h6 Re7 47. h7 Qh8 48. a4 b4 49.
Bxc6 Re5 50. Qd7 1-0

[Event "*** Qualifier 3: Titled Tuesday 3|2 Blitz"]
[Site "Chess.com"]
[Date "2017.04.18"]
[Round "4"]
[White "Cryptochess"]
[Black "OparinGrigoriy"]
[Result "1-0"]
[WhiteElo "2466"]
[BlackElo "2618"]
[TimeControl "180+2"]
[EndTime "13:52:49 PDT"]
[Termination "Cryptochess won by checkmate"]

1. e4 c5 2. Nc3 Nc6 3. g3 g6 4. Bg2 Bg7 5. d3 e6 6. Be3 d6 7. Qd2 Nge7 8. h4 O-O 9. Bh6 Bxh6 10.
Qxh6 f6 11. Qd2 e5 12. h5 g5 13. h6 Be6 14. Nge2 Kh8 15. f4 Rg8 16. fxe5 fxe5 17.
O-O-O Ng6 18. Rdf1 Nd4 19. Nxd4 exd4 20. Nd5 Ne5 21.
c3 Rc8 22. cxd4 cxd4+ 23. Kb1 Bxd5 24. exd5 Qe7 25. Be4 Rgf8 26. Qb4 Rxf1+ 27. Rxf1 Qc7 28. a3 Qb6 29. Qxb6 axb6 30. Rf6 Rd8 31. Re6 Kg8 32. Re7 Rd7 33. Re8+ Kf7 34. Rh8 Kf6 35. Bxh7 Nf7 36. Rg8 Re7 37. Rg6+ Ke5 38. Bg8 Nh8 39. Rxg5+ Kf6 40.
Rg4 Re1+ 41. Ka2 Re3 42. Be6 Rxd3 43. Rg8 Ng6 44. h7 Nh8 45. Rxh8 Kg7 46. Rb8 Kxh7 47. Bf5+ Kh6 48. Bxd3 Kg5 49. Rxb7 Kg4 50. Rxb6 Kf3 51. Rxd6 Ke3 52. Bb1 Kd2 53. Re6 Kc1 54. d6 d3 55.
Bxd3 Kd2 56. Bb1 Kc1 57. d7 Kd2 58. d8=Q+ Kc1 59. Re1# 1-0

[Event "*** Qualifier 3: Titled Tuesday 3|2 Blitz"]
[Site "Chess.com"]
[Date "2017.04.18"]
[Round "4"]
[White "GamayevOleg"]
[Black "Dr-Bassem"]
[Result "1-0"]
[WhiteElo "2409"]
[BlackElo "2594"]
[TimeControl "180+2"]
[EndTime "13:52:49 PDT"]
[Termination "GamayevOleg won by checkmate"]

1. d3 e5 2. e4 Nc6 3. Nf3 d5 4. Be2 Nf6 5. Nbd2 Bc5 6. O-O O-O 7. c3 a5 8. a4 Re8 9. h3 h6 10.
Re1 Be6 11. Bf1 d4 12. c4 Bb4 13. g3 Nd7 14. Bg2 Nc5 15. Qe2 Ra6 16. Rf1 Rb6 17. Ne1 Bxd2 18. Bxd2 Rxb2 19. Qd1 Nb3 20. Bc1 Nxc1 21.
Qxc1 Rb3 22. f4 exf4 23. gxf4 Rc3 24. Qd2 f5 25. e5 Nb4 26. Rf3 Bd7 27. Rg3 Bc6 28.
Bxc6 bxc6 29. Qg2 Qd7 30. Rd1 Kh7 31. Nf3 c5 32. Nh4 Re7 33. Qf3 Nc2 34. Kh2 Ne3 35.
Rdg1 Rxd3 36. Ng6 Re8 37. Qb7 Rd2+ 38. Kh1 Qxa4 39. Qxc7 Rg8 40. Nf8+ Kh8 41. Rxg7 Rh2+ 42. Kxh2 Qc2+ 43. R1g2 Qxg2+ 44. Rxg2 Rxg2+ 45. Kh1 d3 46. Qh7# 1-0

[Event "*** Qualifier 3: Titled Tuesday 3|2 Blitz"]
[Site "Chess.com"]
[Date "2017.04.18"]
[Round "4"]
[White "Infernal_XaM"]
[Black "BogdanDeac"]
[Result "0-1"]
[WhiteElo "2698"]
[BlackElo "2524"]
[TimeControl "180+2"]
[EndTime "13:52:51 PDT"]
[Termination "BogdanDeac won by resignation"]

1. c4 e5 2. Nc3 Bb4 3. Nd5 Bc5 4.
Nf3 c6 5. Nc3 d6 6. e3 Bb4 7.
Qc2 Qe7 8. a3 Ba5 9. d4 e4 10.
Nd2 f5 11. g3 Nf6 12. Bg2 Bxc3 13. bxc3 O-O 14. a4 c5 15. O-O Nc6 16. a5 Qc7 17. Qa4 Bd7 18. Qa3 b6 19. axb6 axb6 20. Qxa8 Rxa8 21.
Rxa8+ Kf7 22. Ra3 Na5 23. d5 Ng4 24. Bb2 Ne5 25. Rfa1 Qd8 26. Bf1 Kf6 27. Bc1 Be8 28. R3a2 g5 29. Rb1 Bh5 30. Rab2 Nd7 31. Nb3 Nb7 32.
Ra2 Bd1 33. Ra7 Qb8 34. Ra3 Qc7 35. Bd2 Bc2 36. Rb2 Bd1 37. Be1 Bxb3 38. Rbxb3 Na5 39. Rb1 Ne5 40. Ra4 f4 41. exf4 gxf4 42. gxf4 Nf3+ 43.
Kh1 Qd7 44. Raa1 Qg4 45. Bg2 Qxf4 46. Bxf3 Qxf3+ 47. Kg1 Nxc4 48. Ra8 Qg4+ 49. Kh1 Qh3 50. Rg8 Qd3 51. Ra1 Ne5 52. Rg3 Qf1+ 53. Rg1 Qe2 54. Ra8 Nf3 55. c4 Nxg1 0-1

[Event "*** Qualifier 3: Titled Tuesday 3|2 Blitz"]
[Site "Chess.com"]
[Date "2017.04.18"]
[Round "4"]
[White "iturrizaga"]
[Black "Alex_Molchanov"]
[Result "1-0"]
[WhiteElo "2641"]
[BlackElo "2444"]
[TimeControl "180+2"]
[EndTime "13:52:57 PDT"]
[Termination "iturrizaga won by resignation"]

1. Nf3 Nf6 2. c4 c5 3. g3 g6 4. Bg2 Bg7 5. O-O O-O 6. d4 cxd4 7. Nxd4 Nc6 8. Nc3 Nxd4 9. Qxd4 d6 10. Qd3 Bf5 11. e4 Be6 12. b3 Qd7 13. Rd1 Bh3 14.
Bb2 Bxg2 15. Kxg2 Qc6 16. f3 Nd7 17. Nd5 Rfe8 18. Bxg7 Kxg7 19. Qc3+ Kg8 20. Rac1 Rac8 21. h4 h5 22. Qe3 Nc5 23. Qg5 Qd7 24. e5 dxe5 25.
b4 Ne6 26. Qxe5 Qa4 27. Rd2 a5 28. f4 axb4 29. f5 gxf5 30. Qxf5 Ng7 31. Qe4 Qc6 32. Rf1 f5 33. Qf3 Kf8 34. Rd4 e6 35. Nxb4 Qxf3+ 36. Kxf3 Red8 37. Rxd8+ Rxd8 38. Ke3 Ke7 39. Nd3 Kf6 40. Rb1 Rd7 41. Rb6 Rc7 42. c5 f4+ 43.
Kxf4 Nf5 44. a4 Ne7 45. Ke4 Nd5 46. Rb3 Ne7 47. Ne5 Nf5 48. a5 Ke7 49. Rb5 Nxg3+ 50. Kf4 Nf5 51. Nd3 Kf6 52. Rb6 Nxh4 53. c6 bxc6 54.
a6 Ra7 55. Nc5 Ng6+ 56. Ke4 Ne7 57. Rb7 Ra8 58. Nd7+ Kf7 59. a7 h4 60. Nb6 Rh8 61. Rb8 1-0